 Dungeon Crawl Stone Soup version 0.23.2-1-ga50397a6bc (webtiles) character file.

Game seed: 11122044946696258026

576 Kobolds4U the Disciple (level 7, -3/50 HPs)
             Began as a Demonspawn Necromancer on Apr 23, 2019.
             Was an Initiate of Sif Muna.
             Slain by Edmund
             ... wielding a +2 dire flail of pain
              (12 damage)
             ... on level 5 of the Dungeon.
             The game lasted 00:24:59 (8583 turns).

Kobolds4U the Disciple (Demonspawn Necromancer)     Turns: 8583, Time: 00:24:59

Health: -3/50      AC:  4    Str:  8    XL:     7   Next: 13%
Magic:  0/13       EV: 12    Int: 18    God:    Sif Muna [......]
Gold:   313        SH:  0    Dex: 14    Spells: 5/14 levels left

rFire    . . .     SeeInvis .   b - +0 dagger
rCold    . . .     Gourm    +   (no shield)
rNeg     + . .     Faith    .   y - +0 robe {MR+}
rPois    .         Spirit   +   j - +0 helmet
rElec    .         Reflect  .   C - +0 cloak
rCorr    .         Harm     .   (no gloves)
MR       +....                  (no boots)
Stlth    +++.......             z - amulet of the gourmand
HPRegen  0.16/turn              p - ring of positive energy
MPRegen  0.13/turn              (no ring)

@: no status effects
A: talons 1, powered by death 1, magic shield
a: Renounce Religion


You were on level 5 of the Dungeon.
You worshipped Sif Muna.
Sif Muna was noncommittal.
You were full.

You visited 2 branches of the dungeon, and saw 7 of its levels.

You collected 313 gold pieces.

Inventory:

Hand Weapons
 b - a +0 dagger (weapon)
 k - a +0 long sword
 E - a +1 war axe of chopping
Armour
 a - a +0 robe
 j - a +0 helmet (worn)
 y - a +0 robe of magic resistance (worn)
 C - a +0 cloak (worn)
Jewellery
 p - a ring of positive energy (left hand)
 z - an amulet of the gourmand (around neck)
Wands
 l - a wand of disintegration (10)
 t - a wand of paralysis (11)
 x - a wand of polymorph (6)
 B - a wand of iceblast (6)
Scrolls
 d - 6 scrolls of remove curse {unknown}
 f - a scroll of enchant armour {unknown}
 h - 2 scrolls of teleportation {unknown}
 i - 3 scrolls of identify {unknown}
 m - a scroll of fear {unknown}
 v - 3 scrolls of enchant weapon {unknown}
 w - 2 scrolls of amnesia {unknown}
 A - a scroll of immolation {unknown}
 F - a scroll of fog {unknown}
 G - a scroll of magic mapping {unknown}
 H - a scroll of holy word {unknown}
Potions
 e - a potion of mutation {unknown}
 g - 2 potions of degeneration {unknown}
 n - 2 potions of lignification {unknown}
 o - 2 potions of heal wounds {unknown}
 q - 4 potions of brilliance {unknown}
 r - 3 potions of curing {unknown}
 s - 2 potions of might {unknown}
 u - a potion of flight {unknown}
 D - a potion of agility {unknown}
Comestibles
 c - 10 rations


   Skills:
 - Level 2.0 Fighting
 + Level 0.4 Long Blades
 - Level 1.7 Dodging
 + Level 4.8 Stealth
 - Level 4.0 Spellcasting
 - Level 4.3 Necromancy
 - Level 5.0 Invocations


You had 5 spell levels left.
You knew the following spells:

 Your Spells              Type           Power        Failure   Level  Hunger
a - Pain                  Necr           ###.         2%          1    None
b - Animate Skeleton      Necr           N/A          2%          1    None
c - Regeneration          Chrm/Necr      ##........   19%         3    ###....
d - Animate Dead          Necr           N/A          24%         4    ####...

Your spell library contained the following spells:

 Spells                   Type           Power        Failure   Level  Hunger
 Vampiric Draining        Necr           ###.......   8%          3    ###....
 Beastly Appendage        Tmut           #.....       14%         1    None
 Sticks to Snakes         Tmut           #.......     22%         2    ##.....
 Spider Form              Tmut/Pois      #.........   41%         3    ###....
 Ice Form                 Ice/Tmut       #.......     82%         4    ####...
 Blade Hands              Tmut           #.........   99%         5    ######.


Dungeon Overview and Level Annotations

Branches:
Dungeon (6/15)             Temple (1/1) D:4

Altars:
Kikubaaqudgha
Makhleb
Sif Muna
Trog
Wu Jian

Annotations:
D:5 Edmund


Innate Abilities, Weirdness & Mutations

You have sharp toenails.
You regenerate a little health from kills.
When hurt, damage is shared between your health and your magic reserves.


Message History

Casting: Pain (safe; 2% risk of failure)
Confirm with . or Enter, or press ? or * to list all spells.
Aiming: Pain (safe; 2% risk of failure)
Press: ? - help, Shift-Dir - straight line, f/p - Edmund
Aim: Edmund, wielding a +2 dire flail of pain and wearing a +0 leather armour (almost dead, chance to defeat MR: 78%) Edmund writhes in agony.
Edmund hits you with a +2 dire flail of pain.
Casting: Pain (safe; 2% risk of failure)
Confirm with . or Enter, or press ? or * to list all spells.
Aiming: Pain (safe; 2% risk of failure)
Press: ? - help, Shift-Dir - straight line, f/p - Edmund
Aim: Edmund, wielding a +2 dire flail of pain and wearing a +0 leather armour (almost dead, chance to defeat MR: 78%) Edmund barely resists.
Edmund hits you with a +2 dire flail of pain!
* * * LOW HITPOINT WARNING * * *
You writhe in agony.
* * * LOW HITPOINT WARNING * * *
There is a stone staircase leading down here.
Edmund hits you with a +2 dire flail of pain!
You die...

#.##............#
#.##............#
#.##............#
#.##............#
#.##....##.###'#########
#.#...#.##.###.....#...#
#.#####.##......##.#...#
........#######.##.#...#
...............@@#.#...#
#.##...######.#.##.#...#
#.##...# ####.#.##.#...#
#.####.###......##.#...#
..# #.....#.#.####.#...#
#.# #...#.#.#.####.#...#
P.# #.#...#............#
..#
#.#ยง.####.#........#
P.# #.#..## #.#........#


You could see Edmund.

Vanquished Creatures
  A scorpion (D:5)
  A howler monkey (D:4)
  3 hounds
  A jelly (D:5)
  An orc priest (D:3)
  2 iguanas
  An orc wizard (D:4)
  Ijyb (D:3)
  A worker ant zombie (D:5)
  3 gnolls (D:6)
  6 adders
  An ooze (D:2)
  6 worms
  3 leopard geckos
  21 orcs
  9 bats
  A giant cockroach (D:5)
  5 goblins
  3 hobgoblins
  9 jackals
  3 quokkas
  2 ball pythons (D:5)
  3 frilled lizards
  2 kobolds (D:2)
  A leopard gecko skeleton (D:4)
  4 rats
  A fungus (D:5)
  A toadstool (D:5)
96 creatures vanquished.

Vanquished Creatures (collateral kills)
  A centaur skeleton (D:4)
  2 orcs (D:6)
  A leopard gecko skeleton (D:4)
4 creatures vanquished.

Vanquished Creatures (others)
  12 toadstools
12 creatures vanquished.

Grand Total: 112 creatures vanquished

Notes
Turn   | Place    | Note
-------+----------+-------------------------------------------
     0 | D:1      | Kobolds4U the Demonspawn Necromancer began the quest for
                  | the Orb.
     0 | D:1      | Reached XP level 1. HP: 13/13 MP: 3/3
   633 | D:1      | Gained mutation: You have sharp toenails. [demonic
                  | ancestry]
   633 | D:1      | Reached XP level 2. HP: 11/20 MP: 0/5
   642 | D:1      | Reached skill level 1 in Fighting
  1873 | D:2      | Reached XP level 3. HP: 11/26 MP: 0/6
  2239 | D:2      | Found a deep blue altar of Sif Muna.
  2331 | D:2      | Became a worshipper of Sif Muna the Loreminder
  2414 | D:2      | Learned a level 1 spell: Animate Skeleton
  2418 | D:2      | Learned a level 3 spell: Regeneration
  3109 | D:2      | Reached skill level 1 in Invocations
  3387 | D:3      | Gained mutation: When hurt, damage is shared between your
                  | health and your magic reserves. [demonic ancestry]
  3387 | D:3      | Reached XP level 4. HP: 33/33 MP: 7/7
  4337 | D:2      | HP: 1/33 [ooze (2)]
  4828 | D:3      | Reached skill level 2 in Invocations
  4864 | D:3      | Gained mutation: You regenerate a little health from kills.
                  | [demonic ancestry]
  4864 | D:3      | Reached XP level 5. HP: 22/38 MP: 3/9
  5103 | D:3      | Noticed Ijyb
  5111 | D:3      | Killed Ijyb
  5349 | D:4      | Reached skill level 3 in Invocations
  5373 | D:4      | Learned a level 4 spell: Animate Dead
  5468 | D:4      | Found a staircase to the Ecumenical Temple.
  5485 | D:4      | Reached XP level 6. HP: 25/44 MP: 0/11
  6251 | D:4      | Found a bloodstained altar of Trog.
  6313 | Temple   | Entered the Ecumenical Temple
  6365 | D:5      | Entered Level 5 of the Dungeon
  6508 | D:5      | Reached skill level 4 in Invocations
  7132 | D:5      | Reached XP level 7. HP: 28/50 MP: 2/13
  7975 | D:5      | Noticed Edmund
  8240 | D:6      | Found a burning altar of Makhleb.
  8260 | D:6      | Reached skill level 5 in Invocations
  8396 | D:6      | Identified the +6 rapier "Killer Klown's Doom" {drain,
                  | +Blink Dex+4}
  8583 | D:5      | Slain by Edmund

Skill      XL: |  1  2  3  4  5  6  7 |
---------------+----------------------+-----
Stealth        | 2 3 4 |  4.8
Fighting       | 1 2 |  2.0
Invocations    | 1 2 3 4 5 |  5.0
Spellcasting   | 3 4 |  4.0
Long Blades    | |  0.4
Dodging        | |  1.7
Necromancy     | |  4.3

Action                   |  1- 3 |  4- 6 |  7- 9 || total
-------------------------+-------+-------+-------++-------
Melee: Dagger            |    76 |   227 |   185 ||   488
       Kick              |    12 |    48 |    40 ||   100
 Cast: Pain              |    66 |    92 |    29 ||   187
       Regeneration      |     1 |     2 |       ||     3
       Animate Skeleton  |     1 |     7 |     5 ||    13
       Animate Dead      |       |     2 |     1 ||     3
 Stab: Sleeping          |     3 |     7 |       ||    10
       Distracted        |       |     1 |       ||     1
  Eat: Ration            |     1 |       |       ||     1
       Chunk             |     4 |    16 |    11 ||    31
Armor: Robe              |    15 |    51 |    40 ||   106
Dodge: Dodged            |    60 |   137 |   102 ||   299
